 Dungeon Crawl Stone Soup version 0.21.0-3-g78d12a8 (webtiles) character file.

13261 Exaltedone87 the Blocker (level 12, -2/96 HPs)
             Began as a Gnoll Fighter on Jan 10, 2018.
             Was the Champion of Cheibriados.
             Shot with an arrow by a centaur (5 damage)
             ... on level 11 of the Dungeon.
             The game lasted 00:18:07 (8728 turns).

Exaltedone87 the Blocker (Gnoll Fighter)            Turns: 8728, Time: 00:18:07

Health: -2/96      AC: 20    Str: 41    XL:     12   Next: 4%
Magic:  22/22      EV: 11    Int: 30    God:    Cheibriados [******]
Gold:   561        SH: 15    Dex: 30    Spells: 24/24 levels left

rFire    . . .     SeeInvis .   a - +2 war axe
rCold    . . .     Gourm    .   c - +0 shield
rNeg     . . .     Faith    .   N - +0 plate armour
rPois    .         Spirit   .   n - +0 helmet
rElec    .         Reflect  .   p - +0 cloak
rCorr    .         Harm     .   B - +1 pair of gloves
MR       +....                  (no boots)
Stlth    ..........             (no amulet)
HPRegen  0.26/turn              z - ring of protection from magic
MPRegen  0.18/turn              D - ring of Ixzul Kat {Int+5 Stlth+}

@: barbed spikes, flying, very slightly contaminated, studying Evocations,
heavily drained, invisible, very slow
A: distributed training, fangs 1, yellow scales 1, strong 1, strong nose
a: Bend Time, Temporal Distortion, Slouch, Step From Time, Renounce Religion


You were on level 11 of the Dungeon.
You worshipped Cheibriados.
Cheibriados was exalted by your worship.
You were not hungry.

You visited 1 branch of the dungeon, and saw 11 of its levels.

You collected 561 gold pieces.

Inventory:

Hand Weapons
 a - a +2 war axe (weapon)
 P - the cursed +1 falchion of Butchery {vamp, -Tele rPois rN+ Int+7, unknown}
   (You found it on level 11 of the Dungeon)

   It inflicts no extra harm, but heals its wielder when it wounds a living foe.
   It affects your intelligence (+7).
   It protects you from poison.
   It protects you from negative energy.
   It prevents most forms of teleportation.
   It has a curse placed upon it.
Armour
 c - a +0 shield (worn)
 n - a +0 helmet (worn)
 p - a +0 cloak (worn)
 B - a +1 pair of gloves (worn)
 N - a +0 plate armour (worn)
Jewellery
 i - an uncursed ring of wizardry
 j - an uncursed ring of poison resistance {unknown}
 z - a ring of protection from magic (left hand)
 D - the ring of Ixzul Kat (right hand) {Int+5 Stlth+}
   (You found it on level 8 of the Dungeon)

   [ring of intelligence]

   It affects your intelligence (+5).
   It makes you more stealthy.
 J - an uncursed ring of ice
Wands
 b - a wand of iceblast (9)
 w - a wand of flame (83)
 x - a wand of acid (9)
 G - a wand of digging (13)
Scrolls
 e - 7 scrolls of amnesia
 k - 2 scrolls of fog
 l - 7 scrolls of remove curse
 o - 3 scrolls of teleportation
 v - 2 scrolls of enchant weapon
 y - a scroll of random uselessness {unknown}
 C - a scroll of enchant armour
 H - 2 scrolls of identify
 L - a scroll of fear
Potions
 h - 4 potions of brilliance
 m - 2 potions of lignification
 q - a potion of resistance {unknown}
 s - 3 potions of mutation
 t - a potion of magic {unknown}
 u - 2 potions of flight
 A - a potion of agility {unknown}
Books
 d - a book of Cantrips

   Spells                             Type                      Level
   a - Confusing Touch                Hexes                        1
   b - Animate Skeleton               Necromancy                   1
   c - Summon Small Mammal            Summoning                    1
   d - Apportation                    Translocation                1
 g - a manual of Evocations
 r - a book of Misfortune

   Spells                             Type                      Level
   a - Confusing Touch                Hexes                        1
   b - Confuse                        Hexes                        3
   c - Gell's Gravitas                Translocation                3
   d - Petrify                        Transmutation/Earth          4
   e - Metabolic Englaciation         Hexes/Ice                    5
   f - Yara's Violent Unravelling     Hexes/Transmutation          5
 E - a book of Unlife

   Spells                             Type                      Level
   a - Recall                         Summoning/Translocation      3
   b - Animate Dead                   Necromancy                   4
   c - Borgnjor's Vile Clutch         Necromancy/Earth             5
   d - Death Channel                  Necromancy                   6
   e - Simulacrum                     Ice/Necromancy               6
 F - a book of Callings

   Spells                             Type                      Level
   a - Summon Small Mammal            Summoning                    1
   b - Call Imp                       Summoning                    2
   c - Call Canine Familiar           Summoning                    3
   d - Summon Guardian Golem          Hexes/Summoning              3
   e - Summon Lightning Spire         Summoning/Air                4
   f - Summon Ice Beast               Ice/Summoning                4
 I - a book of Conjurations

   Spells                             Type                      Level
   a - Magic Dart                     Conjuration                  1
   b - Searing Ray                    Conjuration                  2
   c - Dazzling Spray                 Conjuration/Hexes            3
   d - Fulminant Prism                Conjuration/Hexes            4
   e - Force Lance                    Conjuration/Translocation    4
   f - Iskenderun's Mystic Blast      Conjuration                  4
 K - a book of Battle

   Spells                             Type                      Level
   a - Infusion                       Charms                       1
   b - Shroud of Golubria             Charms/Translocation         2
   c - Song of Slaying                Charms                       2
   d - Spectral Weapon                Hexes/Charms                 3
   e - Regeneration                   Charms/Necromancy            3
Comestibles
 f - 25 rations
 Q - 22 chunks of flesh


   Skills:
 + Level 9.5(7.1) Fighting
 + Level 6.7(4.6) Short Blades
 + Level 6.7(4.6) Long Blades
 + Level 8.2(6.0) Axes
 + Level 6.7(4.6) Maces & Flails
 + Level 6.7(4.6) Polearms
 + Level 6.7(4.6) Staves
 + Level 6.7(4.6) Slings
 + Level 6.7(4.6) Bows
 + Level 6.7(4.6) Crossbows
 + Level 6.7(4.6) Throwing
 + Level 9.5(7.1) Armour
 + Level 6.7(4.6) Dodging
 + Level 6.7(4.6) Stealth
 + Level 9.5(7.1) Shields
 + Level 6.7(4.6) Unarmed Combat
 + Level 6.7(4.6) Spellcasting
 + Level 5.6(3.5) Conjurations
 + Level 5.6(3.5) Hexes
 + Level 5.6(3.5) Charms
 + Level 5.6(3.5) Summonings
 + Level 5.6(3.5) Necromancy
 + Level 5.6(3.5) Translocations
 + Level 5.6(3.5) Transmutations
 + Level 5.6(3.5) Fire Magic
 + Level 5.6(3.5) Ice Magic
 + Level 5.6(3.5) Air Magic
 + Level 5.6(3.5) Earth Magic
 + Level 5.6(3.5) Poison Magic
 + Level 7.4(5.2) Invocations
 + Level 7.1(4.9) Evocations


You had 24 spell levels left.
You didn't know any spells.

Dungeon Overview and Level Annotations

Branches:
Dungeon (11/15)            Temple (0/1) D:4            Lair (0/6) D:10
    Orc (0/2) D:9

Altars:
Ashenzari
Cheibriados
Fedhas
Gozag
Hepliaklqana
Makhleb
Qazlal
Sif Muna
Vehumet
Wu Jian
Yredelemnul
Zin
Beogh

Shops:
D:4 !(   D:10 (


Innate Abilities, Weirdness & Mutations

Your experience applies equally to all skills.
You have very sharp teeth.
Your uncanny sense of smell can sniff out nearby items.
You are partially covered in yellow scales. (AC +2)
Your muscles are strong. (Str +2)


Message History

An adder comes into view.
It was a potion of invisibility.
You fade into invisibility!
The centaur shoots an arrow.
You block the arrow.
You are very lightly contaminated with residual magic.
The centaur shoots an arrow.
The arrow closely misses you.
The centaur shoots an arrow.
You block the arrow.
The barbs in your skin will harm you if you move.
Continue? [Y]es or [N]o only, please.
The barbs in your skin will harm you if you move.
Continue? [Y]es or [N]o only, please.
The barbs in your skin will harm you if you move.
Continue? [Y]es or [N]o only, please.
The barbs in your skin will harm you if you move.
Continue?
Okay, then.
Unknown command.
The barbs in your skin will harm you if you move.
Continue?
Okay, then.
The centaur shoots an arrow.
The arrow hits you.
You die...

.#.. .# #.#. .#
#.#.##.#
#....#.#
##......#
#....S..#####
.[.#...........
#.....@..#
..........#
####.###.## #
.# .# .= #. c#


You could see a centaur and an adder.

Vanquished Creatures
  The ghost of cephied0 the Cleaver, a journeyman FoFi of Wu Jian (D:8)
  2 two-headed ogres
  Sonja (D:10)
  Pikel (D:4)
  4 kobold demonologists (D:11)
  4 hornets (D:8)
  Grinder (D:4)
  A hippogriff (D:9)
  Sigmund (D:4)
  6 humans (D:6)
  A hungry ghost (D:8)
  8 yaks
  Menkaure (D:7)
  2 soldier ants (D:8)
  Duvessa (D:6)
  5 orc warriors
  2 slaves (D:4)
  6 sky beasts
  Purgy (D:4)
  3 ice beasts
  4 centaurs
  8 ogres
  A big kobold (D:11)
  3 bullfrogs
  A gnoll sergeant (D:9)
  Dowan (D:6)
  A wyvern skeleton (D:10)
  3 scorpions
  11 killer bees
  8 wights (D:8)
  A howler monkey (D:4)
  3 crimson imps
  A bullfrog zombie (D:6)
  2 jellies
  Crazy Yiuf (D:4)
  A hound (D:6)
  3 bullfrog skeletons
  8 orc priests
  4 iguanas
  14 orc wizards
  5 worker ants
  A hound zombie (D:5)
  Robin (D:2)
  A howler monkey zombie (D:8)
  3 gnolls (D:9)
  9 adders
  A river rat (D:3)
  3 shadow imps
  10 oozes
  An adder skeleton (D:8)
  2 worms (D:3)
  2 dart slugs
  2 leopard geckos
  70 orcs
  3 ball pythons
  4 bats
  12 giant cockroaches
  13 goblins
  15 hobgoblins
  12 jackals
  2 quokkas
  6 frilled lizards
  A jackal zombie (D:8)
  7 kobolds
  A leopard gecko skeleton (D:5)
  8 rats
  A spectral orc (D:8)
327 creatures vanquished.

Vanquished Creatures (others)
  A slave (D:4)
1 creature vanquished.

Grand Total: 328 creatures vanquished

Notes
Turn   | Place    | Note
-------+----------+-------------------------------------------
     0 | D:1      | Exaltedone87 the Gnoll Fighter began the quest for the Orb.
     0 | D:1      | Reached XP level 1. HP: 23/23 MP: 1/1
     4 | D:1      | Found a runed door.
    50 | D:1      | Reached XP level 2. HP: 27/29 MP: 2/2
   310 | D:1      | Reached XP level 3. HP: 29/35 MP: 3/3
   753 | D:1      | Reached skill level 1 in Invocations
   762 | D:1      | Reached skill level 1 in Short Blades
   762 | D:1      | Reached skill level 1 in Long Blades
   762 | D:1      | Reached skill level 1 in Maces & Flails
   762 | D:1      | Reached skill level 1 in Polearms
   762 | D:1      | Reached skill level 1 in Staves
   762 | D:1      | Reached skill level 1 in Slings
   762 | D:1      | Reached skill level 1 in Bows
   762 | D:1      | Reached skill level 1 in Crossbows
   762 | D:1      | Reached skill level 1 in Throwing
   762 | D:1      | Reached skill level 1 in Dodging
   762 | D:1      | Reached skill level 1 in Stealth
   762 | D:1      | Reached skill level 1 in Unarmed Combat
   762 | D:1      | Reached skill level 1 in Spellcasting
   762 | D:1      | Reached skill level 1 in Evocations
   765 | D:1      | Reached XP level 4. HP: 41/41 MP: 5/5
   791 | D:2      | Noticed Robin
   808 | D:2      | Killed Robin
   810 | D:2      | Reached skill level 1 in Conjurations
   810 | D:2      | Reached skill level 1 in Hexes
   810 | D:2      | Reached skill level 1 in Charms
   810 | D:2      | Reached skill level 1 in Summonings
   810 | D:2      | Reached skill level 1 in Necromancy
   810 | D:2      | Reached skill level 1 in Translocations
   810 | D:2      | Reached skill level 1 in Transmutations
   810 | D:2      | Reached skill level 1 in Fire Magic
   810 | D:2      | Reached skill level 1 in Ice Magic
   810 | D:2      | Reached skill level 1 in Air Magic
   810 | D:2      | Reached skill level 1 in Earth Magic
   810 | D:2      | Reached skill level 1 in Poison Magic
  1306 | D:2      | Reached XP level 5. HP: 39/47 MP: 6/6
  1597 | D:2      | Found a burning altar of Makhleb.
  1597 | D:2      | Found a deep blue altar of Sif Muna.
  1602 | D:2      | Found a shattered altar of Ashenzari.
  1604 | D:2      | Found a snail-covered altar of Cheibriados.
  1605 | D:2      | Found a hazy altar of Hepliaklqana.
  1707 | D:2      | Became a worshipper of Cheibriados the Contemplative
  1886 | D:3      | Reached * piety under Cheibriados
  2148 | D:3      | Found a glowing drain.
  2343 | D:4      | Found Tiraluu's Distillery.
  2411 | D:4      | Reached XP level 6. HP: 53/53 MP: 8/8
  2472 | D:4      | Found an ornate altar of the Wu Jian Council.
  2531 | D:4      | Noticed a slave
  2531 | D:4      | Noticed a slave
  2531 | D:4      | Noticed a slave
  2531 | D:4      | Noticed Grinder
  2532 | D:4      | Noticed Pikel
  2551 | D:4      | Killed Grinder
  2551 | D:4      | Reached skill level 5 in Axes
  2551 | D:4      | Reached XP level 7. HP: 28/59 MP: 8/10
  2575 | D:4      | Killed Pikel
  2575 | D:4      | Reached XP level 8. HP: 9/67 MP: 10/12
  2738 | D:4      | Reached ** piety under Cheibriados
  2741 | D:4      | Found Fugupaat's Antique Weapon Shoppe.
  2784 | D:4      | Noticed Sigmund
  2801 | D:4      | Killed Sigmund
  2853 | D:4      | Found a staircase to the Ecumenical Temple.
  2864 | D:4      | Found a blossoming altar of Fedhas.
  2866 | D:4      | Found a stormy altar of Qazlal.
  2906 | D:4      | Noticed Purgy
  2926 | D:4      | Killed Purgy
  2994 | D:4      | Found a runed door.
  2998 | D:4      | Noticed Crazy Yiuf
  3003 | D:4      | Killed Crazy Yiuf
  3047 | D:5      | Entered Level 5 of the Dungeon
  3394 | D:5      | Found a stormy altar of Qazlal.
  3677 | D:6      | Reached XP level 9. HP: 55/72 MP: 14/14
  3683 | D:6      | Reached *** piety under Cheibriados
  4214 | D:6      | Reached skill level 5 in Invocations
  4226 | D:6      | Reached XP level 10. HP: 74/80 MP: 15/17
  4269 | D:6      | Noticed Dowan
  4270 | D:6      | Noticed Duvessa
  4283 | D:6      | Killed Duvessa
  4292 | D:6      | Killed Dowan
  4391 | D:6      | Reached **** piety under Cheibriados
  4729 | D:6      | Found a glowing silver altar of Zin.
  4735 | D:6      | Found an opulent altar of Gozag.
  4891 | D:7      | Noticed Menkaure
  4895 | D:7      | Killed Menkaure
  4895 | D:7      | Reached skill level 5 in Short Blades
  4895 | D:7      | Reached skill level 5 in Long Blades
  4895 | D:7      | Reached skill level 5 in Maces & Flails
  4895 | D:7      | Reached skill level 5 in Polearms
  4895 | D:7      | Reached skill level 5 in Staves
  4895 | D:7      | Reached skill level 5 in Slings
  4895 | D:7      | Reached skill level 5 in Bows
  4895 | D:7      | Reached skill level 5 in Crossbows
  4895 | D:7      | Reached skill level 5 in Throwing
  4895 | D:7      | Reached skill level 5 in Dodging
  4895 | D:7      | Reached skill level 5 in Stealth
  4895 | D:7      | Reached skill level 5 in Unarmed Combat
  4895 | D:7      | Reached skill level 5 in Spellcasting
  4895 | D:7      | Reached skill level 5 in Evocations
  5507 | D:8      | Noticed cephied0's ghost (journeyman FoFi)
  5526 | D:8      | Killed cephied0's ghost
  5795 | D:8      | Got a pitted steel ring
  5797 | D:8      | Identified the ring of Ixzul Kat {Int+5 Stlth+} (You found it on level 8 of the Dungeon)
  5814 | D:8      | Paralysed by a hornet for 1 turns
  5830 | D:8      | Gained mutation: Your muscles are strong. (Str +2) [potion of mutation]
  5830 | D:8      | Gained mutation: You are partially covered in yellow scales. (AC +2) [potion of mutation]
  6409 | D:8      | Reached XP level 11. HP: 87/87 MP: 19/19
  6444 | D:8      | Noticed a two-headed ogre
  6455 | D:8      | Killed a two-headed ogre
  6508 | D:8      | Got a twisted hand crossbow
  6623 | D:8      | Found a basalt altar of Yredelemnul.
  6649 | D:9      | Reached skill level 5 in Conjurations
  6649 | D:9      | Reached skill level 5 in Hexes
  6649 | D:9      | Reached skill level 5 in Charms
  6649 | D:9      | Reached skill level 5 in Summonings
  6649 | D:9      | Reached skill level 5 in Necromancy
  6649 | D:9      | Reached skill level 5 in Translocations
  6649 | D:9      | Reached skill level 5 in Transmutations
  6649 | D:9      | Reached skill level 5 in Fire Magic
  6649 | D:9      | Reached skill level 5 in Ice Magic
  6649 | D:9      | Reached skill level 5 in Air Magic
  6649 | D:9      | Reached skill level 5 in Earth Magic
  6649 | D:9      | Reached skill level 5 in Poison Magic
  6654 | D:9      | Found a transporter.
  6666 | D:9      | Found a radiant altar of Vehumet.
  6676 | D:9      | Noticed a two-headed ogre
  6681 | D:9      | Killed a two-headed ogre
  6978 | D:9      | Reached ***** piety under Cheibriados
  6981 | D:9      | Found a staircase to the Orcish Mines.
  7910 | D:9      | Found a roughly hewn altar of Beogh.
  7970 | D:9      | Found a transporter.
  8021 | D:10     | Entered Level 10 of the Dungeon
  8060 | D:10     | Noticed Sonja
  8093 | D:10     | Killed Sonja
  8103 | D:10     | Found a staircase to the Lair.
  8305 | D:10     | Found Nami's Antique Weapon Shoppe.
  8645 | D:11     | Got a bloodstained falchion
  8646 | D:11     | Reached ****** piety under Cheibriados
  8656 | D:11     | Noticed a sixfirhy
  8667 | D:11     | Noticed a sixfirhy
  8691 | D:11     | Reached XP level 12. HP: 58/96 MP: 22/22
  8725 | D:11     | HP: 3/96 [centaur/arrow (3)]
  8728 | D:11     | Shot with an arrow by a centaur

Skill      XL: |  1  2  3  4  5  6  7  8  9 10 11 |
---------------+----------------------------------+-----
Invocations    | 1 2 3 4 5 6 7 |  7.4
Short Blades   | 1 2 3 4 5 6 |  6.7
Long Blades    | 1 2 3 4 5 6 |  6.7
Maces & Flails | 1 2 3 4 5 6 |  6.7
Polearms       | 1 2 3 4 5 6 |  6.7
Staves         | 1 2 3 4 5 6 |  6.7
Slings         | 1 2 3 4 5 6 |  6.7
Bows           | 1 2 3 4 5 6 |  6.7
Crossbows      | 1 2 3 4 5 6 |  6.7
Throwing       | 1 2 3 4 5 6 |  6.7
Dodging        | 1 2 3 4 5 6 |  6.7
Stealth        | 1 2 3 4 5 6 |  6.7
Unarmed Combat | 1 2 3 4 5 6 |  6.7
Spellcasting   | 1 2 3 4 5 6 |  6.7
Evocations     | 1 2 3 4 5 7 |  7.1
Conjurations   | 1 2 3 4 5 |  5.6
Hexes          | 1 2 3 4 5 |  5.6
Charms         | 1 2 3 4 5 |  5.6
Summonings     | 1 2 3 4 5 |  5.6
Necromancy     | 1 2 3 4 5 |  5.6
Translocations | 1 2 3 4 5 |  5.6
Transmutations | 1 2 3 4 5 |  5.6
Fire Magic     | 1 2 3 4 5 |  5.6
Ice Magic      | 1 2 3 4 5 |  5.6
Air Magic      | 1 2 3 4 5 |  5.6
Earth Magic    | 1 2 3 4 5 |  5.6
Poison Magic   | 1 2 3 4 5 |  5.6
Axes           | 5 6 7 8 |  8.2
Fighting       | 7 8 9 |  9.5
Armour         | 7 8 9 |  9.5
Shields        | 7 8 9 |  9.5

Action                   |  1- 3 |  4- 6 |  7- 9 | 10-12 || total
-------------------------+-------+-------+-------+-------++-------
Melee: War axe           |    85 |   204 |   263 |   401 ||   953
       Bite              |    12 |    24 |    53 |    83 ||   172
Invok: Bend Time         |       |       |     1 |     1 ||     2
       Slouch            |       |       |       |     1 ||     1
  Use: Potion            |       |       |     3 |    11 ||    14
       Scroll            |       |       |    15 |     2 ||    17
 Stab: Sleeping          |       |       |     1 |     2 ||     3
  Eat: Chunk             |       |     4 |       |     1 ||     5
       Ration            |       |     1 |       |     3 ||     4
Armor: Scale mail        |    26 |    79 |    68 |       ||   173
       Chain mail        |       |       |    60 |   133 ||   193
       Skin              |       |       |       |     2 ||     2
       Plate armour      |       |       |       |    54 ||    54
Dodge: Dodged            |    20 |    70 |   119 |   193 ||   402
Block: Shield            |    40 |   127 |   224 |   404 ||   795
